 Dungeon Crawl Stone Soup version 0.28-a0-1594-ga885d4b3d6 (webtiles) character file.

Game seed: 13080152835021974999

714 issech the Cudgeller (level 7, -2/60 (68) HPs)
             Began as a Troll Fighter on Jan 20, 2022.
             Slain by a wight (3 damage)
             ... on level 5 of the Dungeon.
             The game lasted 00:13:45 (3483 turns).

issech the Cudgeller (Troll Fighter)                Turns: 3483, Time: 00:13:45

HP:   -2/60 (68)    AC:  4    Str: 25    XL:     7   Next: 41%
MP:   6/6           EV:  9    Int:  4    God:
Gold: 159           SH:  8    Dex: 11    Spells: 6/6 levels left

rFire   . . .      SeeInvis +   q - +1 mace
rCold   . . .      Faith    .   c - +0 kite shield
rNeg    . . .      Spirit   .   b - +0 robe
rPois   .          Reflect  .   (helmet restricted)
rElec   .          Harm     .   (no cloak)
rCorr   .          Rampage  .   (gloves unavailable)
Will    .....                   (boots unavailable)
Stlth   +.........              (no amulet)
HPRegen 1.00/turn               s - ring of wizardry
MPRegen 0.10/turn               n - ring of see invisible

@: heavily drained
A: large, unfitting armour, claws 3, regeneration 1, shaggy fur 1, tough skin 1
a: no special abilities


You were on level 5 of the Dungeon.
You visited 1 branch of the dungeon, and saw 5 of its levels.

You collected 159 gold pieces.

Inventory:

Hand Weapons
 a - a +0 flail
 k - a +0 dagger of venom
 p - a +0 dagger of draining
 q - a +1 mace (weapon)
 z - a +0 hand crossbow
Missiles
 f - 32 stones (quivered)
 o - 86 arrows
 v - 2 boomerangs
 y - 43 bolts
Armour
 b - a +0 robe (worn)
 c - a +0 kite shield (worn)
 x - an orb of energy
Jewellery
 g - a ring of ice
 n - a ring of see invisible (right claw)
 s - a ring of wizardry (left claw)
 A - a ring of protection from cold
Scrolls
 l - 4 scrolls of immolation
 u - a scroll of blinking
 w - 3 scrolls of fear
Potions
 d - 2 potions of might
 e - 2 potions of curing
 h - 2 potions of ambrosia
 i - a potion of brilliance
 j - a potion of flight
 m - 2 potions of invisibility


   Skills:
 + Level 3.7 Fighting
 + Level 5.5 Maces & Flails
 + Level 3.7 Dodging
 + Level 0.4 Stealth
 + Level 3.4 Shields


You had 6 spell levels left.
You didn't know any spells.
Your spell library contained the following spells:

 Spells                   Type           Power      Damage    Failure   Level
 Apportation              Tloc           0%         N/A       45%         1
 Call Canine Familiar     Summ           0%         N/A       82%         3
 Portal Projectile        Hex/Tloc       0%         N/A       82%         3
 Leda's Liquefaction      Hex/Erth       0%         N/A       99%         4
 Alistair's Intoxication  Tmut/Pois      0%         N/A       100%        5


Dungeon Overview and Level Annotations

Branches:
Dungeon (5/15)
 Temple: D:4-7

Altars:

Shops:
D:2 :   D:5 *

Annotations:
D:3 Eustachio


Innate Abilities, Weirdness & Mutations

You are too large for most types of armour.
You have claws for hands.
Your natural rate of healing is unusually fast.
You are covered in fur. (AC +1)
You have tough skin. (AC +1)


Message History

You hit the orc but do no damage. The orc hits you with a +0 short sword.
You hit the orc but do no damage. The orc closely misses you.
The orc hits you with a +0 short sword.
You hit the orc.
The orc is heavily wounded.
You block the orc's attack.
You hit the orc but do no damage.
The orc is heavily wounded.
You block the orc's attack.
You hit the orc but do no damage.
The orc is heavily wounded.
The orc barely misses you.
You hit the orc but do no damage.
The orc is heavily wounded.
The orc hits you with a +0 short sword.
You closely miss the orc.
The orc is heavily wounded.
You block the orc's attack. The orc barely misses you.
You hit the orc but do no damage.
The orc is heavily wounded.
You block the orc's attack.
A howler monkey comes into view.
You barely miss the orc.
The orc is heavily wounded.
The howler monkey howls!
The orc barely misses you.
You hit the orc.
You kill the orc!
You closely miss the wight. You block the wight's attack.
The wight hits you with a +5 great sword!
You sock the wight!
The wight is heavily damaged.
The wight hits you with a +5 great sword!!
You feel drained.
You barely miss the wight.
The wight is heavily damaged.
The wight hits you with a +5 great sword!!
* * * LOW HITPOINT WARNING * * *
You feel drained.
You die...

#..###.## ..#####!...ozoo
..h.........# #)# #.# #h#
########## #z# #.....^..# #z#
#.######.# #@# #.######.###
####.###.##.......##
##########...........###.≈≈≈##
#..........#...##.######≈≈≈≈≈#
####.#########...<.#.#####...∩≈≈#
........# ##...##.......≈≈≈≈≈#
.###.##.# ##.########.##≈≈≈## .#
#.##.# #.# #.###### .###.##.# #.#
#.#


You could see a howler monkey and 2 wights.

Vanquished Creatures
  A necrophage (D:5)
  A scorpion (D:5)
  A water moccasin zombie (D:5)
  A wight (D:5)
  A centaur zombie (D:5)
  2 hounds
  3 iguanas
  5 orc wizards
  2 hound skeletons
  5 adders
  An ufetubus (D:5)
  An adder skeleton (D:4)
  3 worms
  A dart slug (D:1)
  11 orcs
  5 ball pythons
  6 endoplasms
  2 giant cockroaches
  7 goblins
  12 hobgoblins
  2 jackals (D:1)
  A quokka (D:1)
  4 bats
  8 frilled lizards
  4 kobolds
  9 rats
99 creatures vanquished.

Vanquished Creatures (collateral kills)
  A hobgoblin (D:2)
  A rat (D:2)
2 creatures vanquished.

Grand Total: 101 creatures vanquished

Notes
Turn   | Place    | Note
-------+----------+-------------------------------------------
     0 | D:1      | issech the Troll Fighter began the quest for the Orb.
     0 | D:1      | Reached XP level 1. HP: 22/22 MP: 0/0
     2 | D:1      | Noticed an octopode
     2 | D:1      | Noticed a merfolk
     4 | D:1      | Noticed a naga
     4 | D:1      | Noticed a tengu
     6 | D:1      | Noticed a demonspawn
    10 | D:1      | Noticed a vampire
    12 | D:1      | Noticed a draconian
    12 | D:1      | Noticed a troll
    14 | D:1      | Noticed an ogre
    14 | D:1      | Noticed a felid
    16 | D:1      | Noticed a ghoul
    18 | D:1      | Noticed a demigod
    18 | D:1      | Noticed a spriggan
    20 | D:1      | Noticed a minotaur
    20 | D:1      | Noticed a gargoyle
    22 | D:1      | Noticed a formicid
    22 | D:1      | Noticed an elf
    24 | D:1      | Noticed a human
    24 | D:1      | Noticed a dwarf
    26 | D:1      | Noticed a vine stalker
    91 | D:1      | Found a faded altar of an unknown god.
   110 | D:1      | Reached skill level 2 in Maces & Flails
   121 | D:1      | Reached XP level 2. HP: 29/29 MP: 1/1
   740 | D:2      | Reached XP level 3. HP: 36/36 MP: 2/2
   838 | D:2      | Found Galam's Book Shoppe.
  1212 | D:3      | You fall into a shaft and drop 2 floors!
  1212 | D:5      | Entered Level 5 of the Dungeon
  1225 | D:5      | Reached XP level 4. HP: 40/45 MP: 3/3
  1248 | D:5      | Reached skill level 3 in Maces & Flails
  1442 | D:5      | Reached XP level 5. HP: 46/53 MP: 4/4
  1481 | D:5      | Reached skill level 4 in Maces & Flails
  1534 | D:4      | Reached XP level 6. HP: 56/61 MP: 5/5
  1704 | D:3      | Paralysed by an orc for 7 turns
  2332 | D:4      | Noticed Eustachio
  2539 | D:4      | Reached skill level 5 in Maces & Flails
  3268 | D:5      | Found Ygedd's Assorted Antiques.
  3323 | D:5      | Reached XP level 7. HP: 53/67 MP: 6/6
  3483 | D:5      | HP: 1/63 [wight (23)]
  3483 | D:5      | Slain by a wight

Illustrated notes

Levels and vault maps discovered:
D:1:      kb_arrival_jail, layout_loops_ring,
          hellmonk_ecumenical_altar_dog_temple, minmay_lizard_pond
D:2:      layout_rooms, serial_shops, shop
D:3:      layout_rooms
D:4:      layout_basic, minmay_vboxes, uniq_eustachio
D:5:      layout_loops_corners, serial_shops, nicolae_shop_waterfront

Skill      XL: |  1  2  3  4  5  6 |
---------------+-------------------+-----
Maces & Flails | 2 3 4 5 |  5.5
Fighting       | 3 |  3.7
Dodging        | 3 |  3.7
Shields        | 3 |  3.4
Stealth        | |  0.4

Action                   |  1- 3 |  4- 6 |  7- 9 || total
-------------------------+-------+-------+-------++-------
Melee: Flail             |   124 |    20 |       ||   144
       Mace              |       |   222 |    41 ||   263
  Use: Scroll            |     7 |     4 |       ||    11
 Stab: Confused          |       |       |     3 ||     3
Armor: Robe              |    57 |    71 |     3 ||   131
Dodge: Dodged            |    59 |   120 |    12 ||   191
Block: Kite shield       |    45 |    99 |    10 ||   154

Table legend: (Time is in decaauts)
 A = Elapsed time spent in this place.
 B = Non-inter-level travel time spent in this place.
 C = Inter-level travel time spent in this place.
 D = Time resting spent in this place.
 E = Time spent auto-exploring this place.
 F = Levels seen in this place.
 G = Mean time per level.
                   A        B        C        D        E       F      G
               +--------+--------+--------+--------+--------+-----+--------+
         Total |   3625 |   3567 |     58 |     22 |   2049 |   5 |  725.0 |
       Dungeon |   3625 |   3567 |     58 |     22 |   2049 |   5 |  725.0 |
               +--------+--------+--------+--------+--------+-----+--------+

Top non-repeatable levels by time:
     D:4: 1152 daAuts
     D:1: 769 daAuts
     D:3: 667 daAuts
     D:5: 562 daAuts
     D:2: 474 daAuts
